[Event "Indian Rapid Championship 2023-24"]
[Site "Nashik"]
[Date "2024.03.05"]
[Round "5.10"]
[White "Sammed Jaykumar, Shete"]
[Black "Kaustuv, Kundu"]
[Result "1-0"]
[ECO "B22"]
[WhiteElo "2404"]
[BlackElo "2388"]
[Annotator "TA"]
[PlyCount "51"]
[EventDate "2024.03.02"]
[EventType "swiss"]
[EventCountry "IND"]
[SourceTitle "playchess.com"]
[Source "ChessBase"]
[SourceQuality "1"]
[TimeControl "900+10"]

1. e4 c5 2. c3 d5 3. exd5 Qxd5 4. d4 Nc6 5. Nf3 Bg4 6. dxc5 Qxd1+ 7. Kxd1 e5 8. b4 a5 9. Bb5 (9. b5 $14 Nd8 10. Be3) 9... Nge7 {[%emt 0:04:10] The position is equal.} 10. a3 axb4 11. cxb4 O-O-O+ 12. Nbd2 Nd4 (12... e4 $15 13. Bxc6 Nxc6) 13. Be2 $36 {[%emt 0:00:14][%mdl 2048] Black must now prevent Nxd4. White has some pressure.} Nxe2 14. Kxe2 Nd5 15. Re1 $1 f5 $2 {[%emt 0:01:59] [#] This move loses the game for Black.} ({Black should try} 15... f6 $14) 16. Kf1 $1 $18 e4 17. Ne5 Bh5 {[%emt 0:00:02] [#] Prevents Nf7.} 18. g4 $1 fxg4 (18... Bxg4 19. Nxg4) 19. Nxe4 {[%emt 0:00:11] Threatens to win with Bg5.} Be7 20. Bg5 {[%emt 0:00:27] Hoping for Bxe7.} Rhe8 (20... Bf6 {was called for.}) 21. Bxe7 {[%emt 0:00:56] White is clearly winning.} Rxe7 22. Nd6+ {[%emt 0:00:01] A dynamic duo of knights.} Kb8 23. Rad1 Nf6 {[%emt 0:00:40] [#]} (23... Nc3 $142 24. Rd3 Rc7) 24. Nc6+ $1 bxc6 25. Rxe7 g3 26. Rd4 {[%emt 0:00:25] Weighted Error Value: White=0.13 (very precise) /Black=0.43.  Loses game:     	---       	Black=1      Mistake:       	White=1     	Black=3      Inaccurate:     	White=2     	Black=1      OK:         	White=7     	Black=4      Best:        	White=1     	Black=2      Strong:       	White=2     	---        Brilliant:      	White=1     	---} 1-0

[Event "Indian Rapid Championship 2023-24"]
[Site "Nashik"]
[Date "2024.03.05"]
[Round "6.1"]
[White "Aronyak Ghosh"]
[Black "Ghosh, Diptayan"]
[Result "1/2-1/2"]
[ECO "D13"]
[WhiteElo "2517"]
[BlackElo "2559"]
[Annotator "TA"]
[PlyCount "20"]
[EventDate "2024.03.02"]
[EventType "swiss"]
[EventCountry "IND"]
[SourceTitle "playchess.com"]
[Source "ChessBase"]
[SourceQuality "1"]
[TimeControl "900+10"]

1. d4 d5 2. c4 c6 3. Nf3 Nf6 4. cxd5 cxd5 5. Nc3 Nc6 6. Bf4 Nh5 7. Bd2 Nf6 8. Bf4 Nh5 {[%emt 0:00:10] The position is equal.} 9. Bd2 Nf6 10. Bf4 Ng8 {[%emt 0:00:18] An uneventful encounter.   Mistake:       	---       	Black=1      OK:         	---       	Black=1} ({Better is} 10... Nh5 $11 11. Bd2) 1/2-1/2

[Event "Indian Rapid Championship 2023-24"]
[Site "Nashik"]
[Date "2024.03.05"]
[Round "6.2"]
[White "Mitrabha, Guha"]
[Black "Sammed Jaykumar, Shete"]
[Result "0-1"]
[ECO "E60"]
[WhiteElo "2526"]
[BlackElo "2404"]
[Annotator "TA"]
[PlyCount "84"]
[EventDate "2024.03.02"]
[EventType "swiss"]
[EventCountry "IND"]
[SourceTitle "playchess.com"]
[Source "ChessBase"]
[SourceQuality "1"]
[TimeControl "900+10"]

1. c4 Nf6 2. Nf3 c5 3. g3 g6 4. Bg2 Bg7 5. d4 O-O 6. O-O d6 7. b3 Nc6 8. Bb2 Bg4 9. d5 Bxf3 10. exf3 Nd4 11. Nc3 Nd7 {[%emt 0:00:59] White has an edge.} 12. f4 Rb8 13. Ne2 Nf3+ 14. Bxf3 Bxb2 15. Rb1 Bg7 16. h4 b5 17. Qd2 bxc4 18. bxc4 Qc7 19. Qe3 Bf6 20. g4 Rfe8 21. g5 Bg7 22. Kg2 Rb4 23. Qd3 Reb8 24. Bg4 Rb2 25. h5 Nf8 26. f5 Qa5 27. fxg6 hxg6 28. Rbd1 Qa4 (28... Rxa2 29. h6 Be5 30. f4 $15) (28... gxh5 $6 29. Bxh5 R8b7 (29... Qxa2 $2 30. Ra1 $18) (29... Rxa2 $2 30. Qf5 $18) 30. Nf4 $16) 29. Qe4 Qc2 30. Rd3 $1 Rb1 $36 {[%emt 0:00:14][%mdl 2048] Dodges Rc1. Black has good play.} 31. Rxb1 Rxb1 32. Re3 Qd1 33. Rh3 $2 (33. Kh3 $11 {and White has nothing to worry.} Rb2 34. hxg6 Nxg6 35. Bh5 (35. Ng3 $2 Qg1 $19) 35... Qf1+ (35... Rxa2 $2 36. Bxg6 Be5 37. f4 $18) 36. Qg2 Qxg2+ 37. Kxg2) 33... Qf1+ $19 34. Kg3 {[%emt 0:00:07] [#]} Be5+ (34... Ra1 $1 $19 {[%cal Ra1a2] and Black stays clearly on top.} 35. hxg6 (35. Qxe7 $2 {perishes.} Be5+ 36. f4 Qe1+ 37. Kg2 Bxf4 $19) 35... Nxg6 (35... Rxa2 $2 36. gxf7+ Kxf7 37. Bh5+ Kg8 38. Qf3 $18)) 35. Kf3 $2 {[%emt 0:00:44][%mdl 8192] White does not recover from this.} (35. f4 $17 Qe1+ 36. Kf3) 35... Rb2 {[%emt 0:00:42] ...Nh7 would now be deadly.} 36. Qd3 Nh7 {[%emt 0:00:08] Black mates.} 37. Ke3 Nxg5 38. hxg6 Nxh3 39. gxf7+ Kg7 40. f8=Q+ Kxf8 41. Qf5+ Bf6 42. Bh5 {[%emt 0:00:19] [#]} Qxf2+ {[%emt 0:00:15] Weighted Error Value: White=0.42/Black=0.11 (very precise) .  Loses game:     	White=2     	---        Mistake:       	---       	Black=1      Inaccurate:     	White=3     	Black=3      OK:         	White=6     	Black=16     Best:        	White=2     	---        Strong:       	White=1     	---} 0-1

[Event "Indian Rapid Championship 2023-24"]
[Site "Nashik"]
[Date "2024.03.05"]
[Round "6.3"]
[White "Ravi, Teja S."]
[Black "Prraneeth Vuppala"]
[Result "1/2-1/2"]
[ECO "D02"]
[WhiteElo "2437"]
[BlackElo "2506"]
[Annotator "TA"]
[PlyCount "67"]
[EventDate "2024.03.02"]
[EventType "swiss"]
[EventCountry "IND"]
[SourceTitle "playchess.com"]
[Source "ChessBase"]
[SourceQuality "1"]
[TimeControl "900+10"]

1. d4 Nf6 2. Nf3 d5 3. Bf4 e6 4. e3 Bd6 5. Bxd6 Qxd6 6. c4 O-O 7. Nc3 dxc4 8. Bxc4 c5 9. O-O Nc6 10. Qe2 a6 11. Rfd1 b5 12. dxc5 (12. d5 $5 exd5 13. Bxd5 Nxd5 14. Nxd5 $17) 12... Qxc5 13. Bd3 Bb7 14. Rac1 Qh5 15. Ne4 Nxe4 16. Bxe4 Rac8 17. h3 {[%emt 0:02:27] Wards off Qg4} h6 (17... f5 $5 18. Bd3 Ne7 $14) 18. Nd4 Qxe2 19. Nxe2 Na5 20. Bxb7 Nxb7 21. Kf1 Nc5 22. Ke1 g5 {[%emt 0:01:03] The position is equal.} 23. Rd2 Kg7 24. b4 Ne4 25. Rdc2 Rxc2 26. Rxc2 $11 {[%emt 0:00:01][%mdl 4096] Endgame. KRN-KRN} a5 27. bxa5 {[%emt 0:00:56] [#] a6 is the strong threat.} Ra8 28. f3 Nd6 29. Rc6 Nc4 30. a6 Ne5 31. Rb6 Nc4 32. Rc6 Ne5 33. Rb6 Nc4 $1 34. Rc6 {[%emt 0:00:11] Weighted Error Value: White=0.08 (flawless) /Black=0.07 (flawless) .  Inaccurate:     	White=3     	Black=3      OK:         	White=12    	Black=12     Best:        	---       	Black=2} 1/2-1/2

[Event "Indian Rapid Championship 2023-24"]
[Site "Nashik"]
[Date "2024.03.05"]
[Round "6.4"]
[White "Raja Rithvik R"]
[Black "Srihari L R"]
[Result "1-0"]
[ECO "D13"]
[WhiteElo "2532"]
[BlackElo "2490"]
[Annotator "TA"]
[PlyCount "61"]
[EventDate "2024.03.02"]
[EventType "swiss"]
[EventCountry "IND"]
[SourceTitle "playchess.com"]
[Source "ChessBase"]
[SourceQuality "1"]
[TimeControl "900+10"]

1. d4 d5 2. c4 c6 3. cxd5 cxd5 4. Nc3 Nf6 5. Nf3 Nc6 6. Bf4 a6 7. Rc1 Bf5 8. e3 e6 9. Qb3 Bb4 10. Ne5 Bxc3+ 11. bxc3 ({Don't play} 11. Rxc3 Ne4 12. Rxc6 (12. Nxc6 bxc6 13. Qb7 Nxc3 $15) 12... bxc6 $11) 11... Na5 {[%emt 0:00:02] White is slightly better.} 12. Qb4 Nh5 13. g4 ({White should try} 13. Bg5 $1 $16 Nf6 14. g4) 13... Be4 $1 $11 14. f3 Nxf4 15. exf4 Bg6 16. h4 {[%emt 0:00:03] h5 is the strong threat.} f6 17. Nxg6 hxg6 18. Kf2 {[%emt 0:00:41] Black must now prevent Re1.} f5 19. Re1 (19. h5 {seems wilder.} fxg4 20. Re1 Kd7 21. c4) 19... Kf7 {[%emt 0:02:18] [#]} (19... Rxh4 $11 {and Black has nothing to worry.} 20. Rxe6+ Kf7) 20. h5 $1 $36 {[%emt 0:02:03][%mdl 2048] White is in control.} gxh5 {[%emt 0:01:08] [#]} 21. gxf5 {[%emt 0:00:02] White is much more active.} exf5 22. Re5 Kg8 $2 {[%emt 0:05:01] A mistake that costs the game.} (22... g6 $16) 23. Rxf5 Rc8 {[%emt 0:01:04] Inhibits Qc5.} 24. Rfxh5 Rxh5 25. Rxh5 {[%emt 0:00:02] Threatens to win with Qb1.} b5 $2 (25... g6 26. Rg5 Rc6) 26. Qb1 {[%emt 0:00:17] White wants to mate with Qh7+.} Rc6 27. Qh7+ Kf7 28. Rg5 Qf8 29. Rxd5 {[%emt 0:00:59][%cal Bg5d5,Bd5d7,Bd7g7][%mdl 32] aiming for Rd7+.} Qa3 (29... Rh6 $18 30. Qf5+ Kg8) 30. Rd7+ Ke8 31. Rxg7 {[%emt 0:00:14] Weighted Error Value: White=0.32/Black=0.58.  Loses game:     	---       	Black=1      Mistake:       	White=1     	Black=2      Inaccurate:     	White=1     	Black=1      OK:         	White=6     	Black=6      Best:        	White=1     	Black=1      Strong:       	White=1     	Black=1} 1-0

[Event "Indian Rapid Championship 2023-24"]
[Site "Nashik"]
[Date "2024.03.05"]
[Round "6.5"]
[White "Hari Madhavan N B"]
[Black "Neelotpal, Das"]
[Result "1-0"]
[ECO "C54"]
[WhiteElo "2395"]
[BlackElo "2355"]
[Annotator "TA"]
[PlyCount "75"]
[EventDate "2024.03.02"]
[EventType "swiss"]
[EventCountry "IND"]
[SourceTitle "playchess.com"]
[Source "ChessBase"]
[SourceQuality "1"]
[TimeControl "900+10"]

1. e4 e5 2. Nf3 Nc6 3. Bc4 Bc5 4. c3 Nf6 5. d4 exd4 6. e5 d5 7. Bb5 Ne4 8. cxd4 Bb6 9. Be3 O-O 10. Nc3 Bg4 11. h3 {[%emt 0:00:03] The position is equal.} Bh5 12. Qa4 Nxc3 13. bxc3 f6 {[%emt 0:01:34] And now ...Bxf3 would win.} 14. Bxc6 bxc6 15. exf6 $1 Qxf6 {[%emt 0:03:09][%cal Oa8e8] White must now prevent ...Rae8!} 16. Ne5 Be8 17. Qc2 c5 18. O-O cxd4 19. cxd4 c6 20. Rac1 Rc8 21. Qb3 Bc7 22. Rfe1 Kh8 (22... Bd6 $14) 23. Qb2 {[%emt 0:00:55] White has more active pieces.} (23. Qb7 $16 Qe6 24. Qxa7) 23... Bd6 $14 24. Rc2 Qf5 25. Rcc1 c5 26. Qa3 Bb5 (26... Bxe5 $2 27. dxe5 a6 (27... d4 $2 28. Bxd4 Bd7 29. Rxc5 $18) 28. Bxc5 $18) 27. Qa5 {[%emt 0:01:06] Hoping for g4.} (27. f4 {simplifies} a6 28. Bd2 Rfe8 29. dxc5 Bxe5 30. fxe5 Rxe5 31. Bc3) 27... a6 28. a4 Bc7 {[%emt 0:00:01] This pair of bishops is nice.} 29. Qd2 cxd4 (29... Bxe5 $11 {keeps the balance.} 30. dxe5 Bc4) 30. Bxd4 $16 Bxa4 31. Re3 (31. Ng4 $16 {Strongly threatening Re7.} Bf4 32. Bxg7+ Kxg7 33. Qd4+ Kg8 34. Rxc8 Qxc8 35. Qxd5+ (35. Qxa4 Qc3 $16) 35... Rf7 36. Nf6+ Kg7 37. Nh5+ Kg8 38. Nxf4) 31... Bd6 32. Rxc8 Qxc8 {[%emt 0:00:18] [#]} (32... Rxc8 $11 33. Re1 Bb5) 33. Ng6+ $1 hxg6 $11 34. Re7 $1 Bf4 ({Not} 34... Bxe7 35. Qh6+ Kg8 36. Qxg7#) (34... Rf4 $11 35. Bxg7+ Kh7 36. Bb2+ Bxe7 37. Qxf4 Qf5) 35. Bxg7+ {[%emt 0:00:03] White mates.} Kg8 36. Qxd5+ Kh7 37. Bxf8+ Kh8 38. Qd4+ {[%emt 0:00:04] Weighted Error Value: White=0.21 (precise) /Black=0.34.  Loses game:     	---       	Black=1      Mistake:       	White=3     	Black=3      Inaccurate:     	White=5     	Black=3      OK:         	White=8     	Black=6      Best:        	White=3     	Black=1      Strong:       	White=2     	---} 1-0

[Event "Indian Rapid Championship 2023-24"]
[Site "Nashik"]
[Date "2024.03.05"]
[Round "6.6"]
[White "Vaz, Ethan"]
[Black "Das, Arghyadip"]
[Result "0-1"]
[ECO "C06"]
[WhiteElo "2409"]
[BlackElo "2405"]
[Annotator "TA"]
[PlyCount "124"]
[EventDate "2024.03.02"]
[EventType "swiss"]
[EventCountry "IND"]
[SourceTitle "playchess.com"]
[Source "ChessBase"]
[SourceQuality "1"]
[TimeControl "900+10"]

1. e4 e6 2. d4 d5 3. Nd2 Nf6 4. e5 Nfd7 5. Bd3 c5 6. c3 Nc6 7. Ne2 a5 8. O-O a4 9. a3 cxd4 10. cxd4 Nb6 11. f4 {[%emt 0:04:24] White is slightly better.} g6 12. Nf3 Na5 13. Rb1 Nac4 14. Nc3 Be7 15. Qe2 Bd7 16. Nd1 Bb5 17. Nf2 (17. g4 $14) 17... Ba6 18. g3 Na5 19. Bd2 Bxd3 20. Nxd3 Nb3 21. Bb4 Bxb4 22. Nxb4 Nc4 23. Rfd1 Qb6 24. Qf2 O-O-O 25. Na2 Kb8 26. Nc3 Qc6 27. Rd3 b5 28. Ne1 Qb6 29. Nc2 Rc8 30. Nb4 Rc7 31. Ncxd5 exd5 32. Nxd5 Qa7 (32... Qe6 {looks sharper.} 33. Nxc7 Kxc7 34. d5 Qb6) 33. Nxc7 Qxc7 34. d5 Qc5 35. d6 {[%emt 0:00:13] [#] And now Qxc5 would win.} Kb7 36. Kg2 (36. g4 $15) 36... Qxf2+ $17 37. Kxf2 Kc6 38. Rc3 Kd7 (38... Nc5 $17 {White must now prevent ...Ne4+.} 39. Re1 Nxb2) 39. Rd1 Ke6 ({Black should try} 39... f6 $17 40. exf6 Rf8) 40. Rc2 $1 $11 Rd8 41. Re2 Rc8 (41... h5 $5) 42. g4 Nb6 43. f5+ gxf5 44. gxf5+ Kxf5 45. d7 Rd8 46. Rd6 {[%emt 0:00:05] White is now going downhill.} (46. Kg1 $11 Nxd7 47. e6 fxe6 48. Rf1+ Kg5 49. Rg2+ Kh4 50. Rf4+ Kh5 51. Rf7) 46... Nxd7 $19 47. Rc2 $2 (47. e6 fxe6 48. Rdxe6 Ndc5) (47. Ke1) 47... Kxe5 48. Rd1 {[%emt 0:00:17] [#]} Nd4 $1 49. Rc7 f5 50. Rb7 h5 51. h3 Nc5 52. Rxb5 Rd5 53. Rb4 (53. Rb8 $142 Ne4+ 54. Kf1) 53... f4 54. Rc4 Ne4+ 55. Kf1 f3 {[%emt 0:00:43] ( -> ...Nf5)} 56. Rxa4 Nc2 {[%emt 0:00:33][%cal Rd5d1] Excellent horsemanship. Black mates.} 57. Rc1 Ne3+ 58. Ke1 Kf4 59. Rxe4+ Kxe4 60. b4 Rg5 61. Kd2 Rg2+ 62. Kc3 f2 {[%emt 0:00:01] Weighted Error Value: White=0.58/Black=0.09 (flawless) .  Loses game:     	White=1     	---        Mistake:       	White=4     	Black=2      Inaccurate:     	White=6     	Black=4      OK:         	White=7     	Black=17     Best:        	White=1     	Black=4      Strong:       	White=1     	Black=1} 0-1

[Event "Indian Rapid Championship 2023-24"]
[Site "Nashik"]
[Date "2024.03.05"]
[Round "6.7"]
[White "Ratnakaran, K.."]
[Black "Sengupta, Deep"]
[Result "0-1"]
[ECO "C00"]
[WhiteElo "2258"]
[BlackElo "2500"]
[Annotator "TA"]
[PlyCount "82"]
[EventDate "2024.03.02"]
[EventType "swiss"]
[EventCountry "IND"]
[SourceTitle "playchess.com"]
[Source "ChessBase"]
[SourceQuality "1"]
[TimeControl "900+10"]

1. e4 e6 2. d3 d5 3. Nd2 c5 4. Qe2 Nc6 5. Ngf3 Nge7 6. c3 g6 7. h4 h6 8. Nb3 {[%emt 0:00:06] The position is equal.} b6 9. Bf4 Bg7 10. O-O-O (10. e5 $11) 10... d4 $17 11. cxd4 cxd4 12. Kb1 e5 13. Bd2 a5 14. Ne1 Be6 15. Nc1 Qd7 {[%emt 0:04:45] Black is more active.} 16. g3 {[%emt 0:00:02] [#]} Nb4 $1 17. Bxb4 (17. h5 $17) 17... axb4 $19 18. b3 (18. Nc2 {might work better.}) 18... h5 19. Bg2 Bh6 {[%emt 0:00:06] Wards off f4} 20. Rf1 {[%emt 0:00:12] White is weak on the dark squares} (20. f4 $142 exf4 21. gxf4 Bxf4 22. Qb2) 20... Nc6 {[%emt 0:00:53] Threatens to win with ...Na7.} 21. f4 Bg4 22. Bf3 Na7 $36 {[%emt 0:00:10][%mdl 2048] Black is in control.} ({But not} 22... exf4 23. Bxg4 hxg4 24. gxf4 $15) 23. Bxg4 hxg4 24. Qb2 $2 (24. Qd2) 24... Nb5 25. Ne2 exf4 26. gxf4 Bg7 ({Less strong is} 26... Nc3+ 27. Nxc3 bxc3 (27... dxc3 28. Qe2 $17) 28. Qe2 $19) 27. Ng2 O-O 28. f5 (28. Nc1 {was necessary.}) 28... Rfc8 {[%emt 0:00:11] aiming for ...Na3+.} 29. fxg6 fxg6 {[%emt 0:00:11] Strongly threatening ...Na3+.} 30. Rc1 Bh6 31. Rxc8+ Rxc8 32. Ngf4 Na3+ 33. Ka1 Rc2 34. Qxd4 Bg7 {[%emt 0:00:01] Black mates.} 35. e5 Qxd4+ 36. Nxd4 Bxe5 37. Nfe6 Rc8 38. Kb2 g3 39. h5 g2 40. Re1 Rc2+ 41. Ka1 {[%emt 0:00:04] [#]} Rf2 $1 {[%emt 0:00:11] White got outplayed after the opening.   Weighted Error Value: White=0.70/Black=0.08 (flawless) .  Mistake:       	White=6     	---        Inaccurate:     	White=4     	Black=1      OK:         	White=10    	Black=12     Best:        	White=2     	Black=1} 0-1

[Event "Indian Rapid Championship 2023-24"]
[Site "Nashik"]
[Date "2024.03.05"]
[Round "6.8"]
[White "Sriram, Jha"]
[Black "Balkishan, A.."]
[Result "1-0"]
[ECO "E11"]
[WhiteElo "2312"]
[BlackElo "2108"]
[Annotator "RC"]
[PlyCount "137"]
[EventDate "2024.03.02"]
[EventType "swiss"]
[EventCountry "IND"]
[SourceTitle "playchess.com"]
[Source "ChessBase"]
[SourceQuality "1"]
[TimeControl "900+10"]

1. d4 Nf6 2. Nf3 e6 3. c4 Bb4+ 4. Bd2 Qe7 5. Nc3 O-O 6. Qc2 d6 7. a3 Bxc3 8. Bxc3 b6 9. e4 Bb7 10. Bd3 h6 11. O-O Nfd7 12. b4 c5 13. bxc5 dxc5 14. d5 e5 15. Qb2 Re8 16. g3 Bc8 17. Rfe1 g5 18. Bf1 f6 19. Nd2 Nf8 20. a4 Bg4 21. a5 Nbd7 22. f3 Bh5 23. Bh3 Bg6 24. Nf1 h5 25. Ne3 Reb8 26. Bf5 Be8 27. Qc2 Qd6 28. Reb1 bxa5 29. Rxa5 Rxb1+ 30. Qxb1 a6 31. Qb7 Rb8 32. Rxa6 Rxb7 33. Rxd6 Rb3 34. Bd2 Rd3 35. Nf1 Rxf3 36. Be3 Kf7 37. Kg2 g4 38. h3 Ke7 39. Ra6 Bg6 40. hxg4 Bxf5 41. gxf5 Rxe3 42. Nxe3 Nh7 43. d6+ Kf7 44. Ra7 Ke8 45. Nd5 Ng5 46. Nc7+ Kf7 47. Ne6 Ke8 48. Nxg5 fxg5 49. Kf3 g4+ 50. Ke3 Nb6 51. Kd3 Nd7 52. Ke3 Nb6 53. Re7+ Kd8 54. Kd3 Nd7 55. Re6 Nb8 56. f6 Kd7 57. f7 Kxe6 58. f8=Q Nc6 59. Ke3 Kd7 60. Qf6 h4 61. gxh4 g3 62. Kf3 g2 63. Kxg2 Kc8 64. Qf7 Kb8 65. Qc7+ Ka8 66. Qxc6+ Ka7 67. d7 Kb8 68. d8=Q+ Ka7 69. Qdb6# 1-0

[Event "Indian Rapid Championship 2023-24"]
[Site "Nashik"]
[Date "2024.03.05"]
[Round "6.9"]
[White "Srihari L"]
[Black "Mohammad Nubairshah Shaikh"]
[Result "1-0"]
[ECO "B18"]
[WhiteElo "2400"]
[BlackElo "2436"]
[Annotator "TA"]
[PlyCount "71"]
[EventDate "2024.03.02"]
[EventType "swiss"]
[EventCountry "IND"]
[SourceTitle "playchess.com"]
[Source "ChessBase"]
[SourceQuality "1"]
[TimeControl "900+10"]

1. e4 c6 2. d4 d5 3. Nc3 dxe4 4. Nxe4 Bf5 5. Ng3 Bg6 6. Bc4 e6 7. N1e2 Nf6 8. Nf4 Bd6 9. c3 Qc7 10. Qf3 Nbd7 11. O-O O-O {[%emt 0:00:09] The position is equal.} 12. Nxg6 hxg6 13. Bb3 c5 14. dxc5 Nxc5 15. Bc2 Nd5 16. h4 f5 (16... Bxg3 $11 17. Qxg3 Qxg3 18. fxg3 b5) 17. Bg5 (17. Ne2 $14) 17... Bf4 (17... Nf6 $11 {keeps the balance.}) 18. Ne2 $16 Bxg5 19. hxg5 Kf7 {[%emt 0:01:04] White stays focused until the end.} (19... a5 $14) 20. g3 Qe7 21. Nd4 {[%emt 0:01:00] aiming for b4.} Rad8 (21... Qxg5 $2 22. b4 (22. Nxe6 Nxe6 23. Qxd5 Rad8 $18) 22... Na6 (22... Nd7 $2 23. Rfe1 $18) 23. Rfe1 $18 (23. Nxe6 Kxe6 24. Rfe1+ Kd6 $18)) 22. Rfe1 {[%emt 0:00:29] Threatens to win with b4.} a5 (22... Qxg5 $2 23. b4 $18) (22... Kg8 $142 23. Re5 Rd6) 23. Rad1 $18 {[%emt 0:00:43][%cal Od4e6] Hoping for Nxe6!} Rh8 $2 {[%emt 0:00:30] [#]} (23... Qxg5 $2 24. Nxe6 Nxe6 25. Rxd5 $18) (23... Kg8 24. Nb3 Ne4) 24. Nxe6 $1 Nxe6 25. Rxd5 Qxg5 {[%emt 0:00:22] [#]} (25... Rxd5 $142 26. Qxd5 Rd8 27. Qxa5 Qc5 28. Qxc5 Nxc5) 26. Bxf5 $1 gxf5 27. Rxf5+ (27. Rxa5 Kf6 $11) 27... Kg8 28. Rxg5 (28. Rxe6 {gets mated.} Qc1+) 28... Nxg5 29. Qf5 Rh5 30. Qg4 (30. Qxa5 $2 {too greedy.} Nf3+ 31. Kf1 Rxa5 $19) 30... g6 31. Kg2 Rd2 32. Re7 {[%emt 0:00:27] White threatens Qc8+ and mate.} Kf8 33. Rxb7 Nf7 {[%emt 0:00:02] [#]} 34. Rxf7+ $1 Kxf7 35. Qf4+ Rf5 36. Qxd2 {[%emt 0:00:01] Weighted Error Value: White=0.08 (flawless) /Black=0.74.  Mistake:       	White=1     	Black=6      OK:         	White=10    	Black=5} 1-0

[Event "Indian Rapid Championship 2023-24"]
[Site "Nashik"]
[Date "2024.03.05"]
[Round "6.10"]
[White "Nitin, S.."]
[Black "Abhishek, Kelkar"]
[Result "1-0"]
[ECO "B46"]
[WhiteElo "2338"]
[BlackElo "2182"]
[Annotator "RC"]
[PlyCount "55"]
[EventDate "2024.03.02"]
[EventType "swiss"]
[EventCountry "IND"]
[SourceTitle "playchess.com"]
[Source "ChessBase"]
[SourceQuality "1"]
[TimeControl "900+10"]

1. e4 c5 2. Nf3 e6 3. d4 cxd4 4. Nxd4 a6 5. Nc3 Ne7 6. Be2 Nbc6 7. Nb3 Ng6 8. O-O Be7 9. a4 b6 10. Be3 Bb7 11. Nd2 Na5 12. f4 Rc8 13. Nf3 O-O 14. f5 Nh4 15. Nxh4 Bxh4 16. Qd6 Rc6 17. Qd4 Be7 18. Rad1 Rd6 19. Qe5 Nc6 20. Qg3 Rxd1 21. Rxd1 Bf6 22. Qf2 Nb4 23. Bxb6 Qa8 24. Bc5 Nxc2 25. Bxf8 Kxf8 26. Rxd7 Qc8 27. fxe6 fxe6 28. Rd2 1-0

[Event "Indian Rapid Championship 2023-24"]
[Site "Nashik"]
[Date "2024.03.05"]
[Round "7.2"]
[White "Sammed Jaykumar, Shete"]
[Black "Raja Rithvik R"]
[Result "1/2-1/2"]
[ECO "B22"]
[WhiteElo "2404"]
[BlackElo "2532"]
[Annotator "TA"]
[PlyCount "73"]
[EventDate "2024.03.02"]
[EventType "swiss"]
[EventCountry "IND"]
[SourceTitle "playchess.com"]
[Source "ChessBase"]
[SourceQuality "1"]
[TimeControl "900+10"]

1. e4 c5 2. c3 Nf6 3. e5 Nd5 4. Nf3 d6 5. exd6 e6 6. g3 Bxd6 7. Bg2 O-O 8. d4 Nc6 9. O-O cxd4 10. Nxd4 Nxd4 11. Qxd4 Qc7 12. c4 Be5 13. Qe4 Nf6 14. Qe2 Bd7 15. Nd2 Rac8 16. Nf3 Bd6 17. b3 Bc6 18. Bb2 Qe7 19. Rad1 Rfd8 20. Ng5 Bxg2 21. Kxg2 h6 22. Bxf6 Qxf6 23. Ne4 Qe7 24. Nxd6 Rxd6 25. Rxd6 Qxd6 $14 {[%emt 0:00:01][%mdl 4096] Endgame. KQR-KQR} 26. Rd1 Qc7 27. Qd3 a6 28. Qd7 Qxd7 {[%emt 0:02:05] The position is equal.} 29. Rxd7 $11 {[%emt 0:00:02] KR-KR} b5 30. cxb5 axb5 31. Rb7 Ra8 32. Rxb5 {[%emt 0:00:03] [#] Strongly threatening a4.} Rxa2 33. h4 g6 34. Kf3 Kg7 35. g4 Rb2 36. g5 Rb1 37. Kg2 {[%emt 0:00:54] Weighted Error Value: White=0.02 (flawless) /Black=0.03 (flawless) .  Inaccurate:     	White=1     	---        OK:         	White=12    	Black=14     Best:        	---       	Black=1} 1/2-1/2